AoeStats
← ·˸˙ TARS ☭

Arena

504403769Analyzed
2v2 RM · 28d ago on Sep 5, 2026· 34m 0s· 4 players
Game mode
Random Map
Map size
Medium (4 player)
Population
200
Speed
Normal
Resources
Standard
Victory
Conquest
Starting age
Dark Age
Ending age
Imperial Age
RankedLock teamsTeams togetherTeam positionsShared explorationLock speedFull tech treeHidden civsTurbo modeCheats
Victory
Defeat
🇨🇱 Portuguese · Chile
776
+18
🇨🇱 Hindustanis · Chile
776
+18
🇨🇳 Chinese · China
859
-53
🇲🇽 Goths · Mexico
788
-17
Feel
14:32 Feudal Age
14:58 Horse Collar
15:58 Double-Bit Axe
20:50 Wheelbarrow
20:07 Loom
20:34 Scale Mail Armor
20:39 Padded Archer Armor
20:30 Fletching
23:29 Castle Age
21:47 Forging
22:35 Scale Mail Armor
22:28 Fletching
23:52 Wheelbarrow
24:44 Leather Archer Armor
24:47 Heavy Plow
25:06 Bow Saw
25:35 Fervor
27:33 Hand Cart
28:29 Ballistics
31:40 Imperial Age
29:49 Murder Holes
30:24 Bodkin Arrow
31:45 Iron Casting
·˸˙ TARS ☭
4:44 Loom
13:34 Feudal Age
14:40 Man-at-Arms
20:47 Fletching
27:40 Castle Age
25:48 Horse Collar
27:28 Forging
28:23 Bodkin Arrow
29:34 Scale Barding Armor
32:04 Iron Casting
aj.jr
0:32 Loom
11:02 Feudal Age
11:34 Double-Bit Axe
16:36 Fletching
16:57 Forging
22:31 Stone Mining
22:33 Gold Mining
26:00 Castle Age
25:48 Scale Mail Armor
25:54 Scale Barding Armor
26:32 Gold Mining
28:18 Bow Saw
28:06 Town Watch
28:57 Wheelbarrow
29:30 Horse Collar
31:12 Iron Casting
橘子
10:05 Feudal Age
11:28 Wheelbarrow
20:10 Man-at-Arms
25:44 Castle Age
29:06 Hand Cart
29:19 Caravan
31:25 Atonement
31:18 Horse Collar
Connection lost

Rejoining the realm…

Still unreachable

The connection could not be restored.

Session expired

The server has moved on; the page needs a fresh start.